 Dungeon Crawl Stone Soup version 0.28.0 (webtiles) character file.

Game seed: 5686935915219896639

351 browni3141 the Ruffian (level 6, -4/63 HPs)
             Began as a Troll Berserker on Feb 10, 2022.
             Was a Priest of Trog.
             Slain by an ogre (19 damage)
             ... on level 4 of the Dungeon.
             The game lasted 00:02:08 (2399 turns).

browni3141 the Ruffian (Troll Berserker)            Turns: 2399, Time: 00:02:09

Health: -4/63      AC:  4    Str: 28    XL:     6   Next: 34%
Magic:  5/5        EV: 10    Int:  3    God:    Trog [***...]
Gold:   133        SH:  0    Dex:  9    Spells: 5/5 levels left

rFire   . . .      SeeInvis .     - Unarmed
rCold   . . .      Faith    .   (no shield)
rNeg    . . .      Spirit   .   a - +0 animal skin
rPois   .          Reflect  .   (helmet restricted)
rElec   .          Harm     .   (no cloak)
rCorr   .          Rampage  .   (gloves unavailable)
Will    .....                   (boots unavailable)
Stlth   +.........              (no amulet)
HPRegen 1.00/turn               (no ring)
MPRegen 0.09/turn               (no ring)

@: on berserk cooldown, slowed, very slow
A: large, unfitting armour, claws 3, regeneration 1, shaggy fur 1, tough skin 1
a: Renounce Religion, Berserk, Trog's Hand


You were on level 4 of the Dungeon.
You worshipped Trog.
Trog was most pleased with you.
You visited 1 branch of the dungeon, and saw 4 of its levels.

You collected 133 gold pieces.

Inventory:

Armour
 a - a +0 animal skin (worn)
Jewellery
 g - an amulet of the acrobat
Wands
 h - a wand of flame (21)
 i - a wand of acid (5)
Scrolls
 b - a scroll of fog {unknown}
 c - a scroll of fear {unknown}
 d - a scroll of silence {unknown}
 e - 5 scrolls of identify {unknown}
Potions
 f - a potion of berserk rage {unknown}
 j - 2 potions of haste {unknown}
 k - a potion of heal wounds {unknown}
 l - a potion of curing {unknown}


   Skills:
 + Level 4.5 Fighting
 - Level 2.4 Dodging
 + Level 5.5 Unarmed Combat


You had 5 spell levels left.
You didn't know any spells.
Your spell library was empty.

Dungeon Overview and Level Annotations

Branches:
Dungeon (4/15)
 Temple: D:4-7

Altars:
Vehumet
Xom

Shops:
D:1 (


Innate Abilities, Weirdness & Mutations

You are too large for most types of armour.
You have claws for hands.
Your natural rate of healing is unusually fast.
You are covered in fur. (AC +1)
You have tough skin. (AC +1)


Message History

You claw the adder skeleton!
You destroy the adder skeleton!
Trog accepts your kill. The orc hits you with a +0 war axe!
The gnoll misses you.
You mangle the orc!!
You kill the orc!
Trog accepts your kill.
The gnoll hits you from afar with a +0 spear.
You are too injured to fight recklessly!
You are too injured to fight recklessly!
You are too injured to fight recklessly!
You are too injured to fight recklessly!
Items here: )) ††.
An ogre comes into view. It is wielding a +0 giant club.
Found a stone staircase leading down.
You feel a strong urge to attack something.
The gnoll closely misses you. The gnoll closely misses you.
You feel your anger nearly subside.
You are no longer berserk.
You are exhausted.
You feel yourself slow down.
Unknown command.
The gnoll closely misses you. The gnoll barely misses you.
You scratch the gnoll.
The gnoll is heavily wounded.
The gnoll hits you with a +0 spear.
A dart slug comes into view.
You scratch the gnoll.
You kill the gnoll!
Trog accepts your kill. The dart slug launches a dart at you.
The slug dart hits you.
The ogre hits you with a +0 giant club!!
* * * LOW HITPOINT WARNING * * *
Things that are here:
a +0 spear; a gnoll corpse Unknown command.
The ogre closely misses you.
The ogre hits you with a +0 giant club!!
You die...

.).........#....<........
...........#....#.....#.###.
##.÷.......#....#.##..#....#
##.........#....#..........
##.........#...............
# ##...#######....#.....#..#
.# ######
#....#.##..#..##..# #
#....#.##))#..>.... #
###..@O.w.)...###.. #
#..................
###.##.##..........
#.##.##.###.###.# # #.##.#
.# # ...... .. ..##.# ##
#######


You could see an ogre and a dart slug.

Vanquished Creatures
  A scorpion (D:3)
  An orc priest (D:3)
  2 orc wizards (D:3)
  3 gnolls (D:4)
  A howler monkey skeleton (D:4)
  7 adders
  An adder skeleton (D:4)
  3 worms
  4 dart slugs
  7 orcs
  7 ball pythons
  2 bats (D:2)
  8 endoplasms
  2 giant cockroaches
  5 goblins
  11 hobgoblins
  6 jackals
  4 quokkas
  2 frilled lizards (D:1)
  4 kobolds
  6 rats
87 creatures vanquished.

Vanquished Creatures (others)
  An adder (D:3)
1 creature vanquished.

Grand Total: 88 creatures vanquished

Notes
Turn   | Place    | Note
-------+----------+-------------------------------------------
     0 | D:1      | browni3141 the Troll Berserker began the quest for the Orb.
     0 | D:1      | Reached XP level 1. HP: 22/22 MP: 0/0
   117 | D:1      | Reached XP level 2. HP: 17/29 MP: 1/1
   224 | D:1      | Found Zakotu's Antique Weapon Emporium.
   432 | D:2      | Reached XP level 3. HP: 37/37 MP: 2/2
   523 | D:2      | Reached ** piety under Trog
   572 | D:2      | Reached skill level 4 in Unarmed Combat
   610 | D:2      | Reached XP level 4. HP: 45/45 MP: 3/3
  1208 | D:3      | Reached XP level 5. HP: 38/54 MP: 4/4
  1481 | D:3      | Found a radiant altar of Vehumet.
  1579 | D:3      | Reached skill level 5 in Unarmed Combat
  1783 | D:3      | Reached XP level 6. HP: 62/62 MP: 5/5
  1792 | D:3      | Reached *** piety under Trog
  2054 | D:4      | Found a shimmering altar of Xom.
  2399 | D:4      | Slain by an ogre

Illustrated notes

Levels and vault maps discovered:
D:1:      tarquinn_simple_flora_water_e, layout_rooms, serial_shops, shop
D:2:      layout_loops_ring
D:3:      layout_loops_cross, fiery_altar_vehumet
D:4:      layout_basic, xom_teletrap_fun, uniq_eustachio

Skill      XL: |  1  2  3  4  5 |
---------------+----------------+-----
Fighting       | 3 4 |  4.5
Unarmed Combat | 4 5 |  5.5
Dodging        | |  2.4

Action                   |  1- 3 |  4- 6 || total
-------------------------+-------+-------++-------
Melee: Unarmed           |    81 |   130 ||   211
       Punch             |     2 |     3 ||     5
Invok: Berserk           |     3 |     1 ||     4
Armor: Animal skin       |    23 |    30 ||    53
Dodge: Dodged            |    31 |    53 ||    84
